 Dungeon Crawl Stone Soup version 0.29-a0-222-g5b244fca1f (webtiles) character file.

Game seed: 2364108395523343178

62 Azmakalis the Stinger (level 4, -3/27 HPs)
             Began as an Octopode Venom Mage on Feb 27, 2022.
             Slain by an ogre
             ... wielding a +0 giant club
              (30 damage)
             ... on level 4 of the Dungeon.
             The game lasted 00:05:42 (3006 turns).

Azmakalis the Stinger (Octopode Venom Mage)         Turns: 3006, Time: 00:05:42

Health: -3/27      AC:  1    Str:  7    XL:     4   Next: 8%
Magic:  1/7        EV: 13    Int: 19    God:
Gold:   89         SH:  0    Dex: 12    Spells: 1/7 levels left

rFire   . . .      SeeInvis .   n - +2 spear (flame)
rCold   + . .      Faith    .   (no shield)
rNeg    + . .      Spirit   .   (helmet restricted)
rPois   .          Reflect  .   (no amulet)
rElec   .          Harm     .   N - ring of positive energy {rN+}
rCorr   .          Rampage  .   I - ring of protection from cold
Will    .....                   (no ring)
Stlth   +++.......              (no ring)
HPRegen 0.09/turn               (no ring)
MPRegen 0.10/turn               (no ring)
                                (no ring)
                                (no ring)

@: no status effects
A: almost no armour, amphibious, 8 rings, camouflage 1, gelatinous body 1,
(nimble swimmer 1), tentacles
a: no special abilities


You were on level 4 of the Dungeon.
You visited 1 branch of the dungeon, and saw 4 of its levels.

You collected 161 gold pieces.
You spent 72 gold pieces at shops.

Inventory:

Hand Weapons
 n - a +2 spear of flaming (weapon)
Jewellery
 I - a ring of protection from cold (right tentacle)
 N - a ring of positive energy (left tentacle) {rN+}
Wands
 D - a wand of digging (5)
Scrolls
 a - a scroll of fear {unknown}
 b - a scroll of amnesia {unknown}
 d - a scroll of magic mapping {unknown}
 g - a scroll of teleportation {unknown}
 j - a scroll of identify {unknown}
 m - 2 scrolls of noise {unknown}
 B - 3 scrolls of blinking {!r}
Potions
 c - a potion of ambrosia {unknown}
 e - a potion of heal wounds {unknown}
 f - 2 potions of brilliance {unknown}
 h - a potion of magic {unknown}
 i - 2 potions of lignification {unknown}
 k - 2 potions of might {unknown}
 l - a potion of berserk rage {unknown}


   Skills:
 - Level 2.0 Dodging
 - Level 2.6 Stealth
 - Level 2.0 Spellcasting
 - Level 1.0 Transmutations
 + Level 5.8 Poison Magic


You had one spell level left.
You knew the following spells:

 Your Spells              Type           Power      Damage    Failure   Level
a - Sting                 Tmut/Pois      60%        1d6       4%          1
b - Poisonous Vapours     Pois/Air       26%        N/A       8%          2
x - Mephitic Cloud        Conj/Pois/Air  9%         N/A       22%         3

Your spell library contained the following spells:

 Spells                   Type           Power      Damage    Failure   Level
 Olgreb's Toxic Radiance  Pois           24%        N/A       16%         4


Dungeon Overview and Level Annotations

Branches:
Dungeon (4/15)
 Temple: D:4-7

Altars:

Shops:
D:3 **[[=


Innate Abilities, Weirdness & Mutations

You cannot wear most types of armour.
You are amphibious.
You can wear up to eight rings at the same time.
Your skin changes colour to match your surroundings (Stealth+).
Your rubbery body absorbs attacks. (AC +1, EV +1)
((You are camouflaged when in or above water. (Stealth+)))
You have tentacles for arms and can constrict up to eight enemies at once.


Message History

There is an entrance to a sewer on this level.
Hurry and find it before the portal rusts away!
There is a stone staircase leading up here.
Unknown command.
The helpless kobold fails to defend itself.
You hit the kobold but do no damage. The kobold closely misses you.
You hit the kobold. You burn the kobold. The kobold misses you.
You hit the kobold. You burn the kobold.
You kill the kobold!
No target in view!
No target in view!
No target in view!
Things that are here:
a +0 whip; 2 stones You now have 89 gold pieces (gained 13).
An ogre comes into view. It is wielding a +0 giant club.
Aim: an ogre, wielding a +0 giant club (asleep)
You miscast Poisonous Vapours.
You are very lightly contaminated with residual magic.
Nothing appears to happen.
You now have 5/7 mp.
You start resting.
Your magical contamination has completely faded away.
You start resting.
MP restored: 7
Aim: an ogre, wielding a +0 giant club (asleep) Poisonous vapours surround the ogre!
The ogre is poisoned.
You now have 5/7 mp.
Aim: an ogre, wielding a +0 giant club (poisoned) Poisonous vapours surround the ogre!
The ogre looks even sicker.
You now have 3/7 mp.
Aim: an ogre, wielding a +0 giant club (very poisoned) Poisonous vapours surround the ogre!
The ogre looks even sicker.
* * * LOW MAGIC WARNING * * *
You now have 1/7 mp.
You reach to attack!
You barely miss the ogre.
You hear the slow rusting of a drain very nearby.
You hit the ogre. You burn the ogre.
The ogre hits you with a +0 giant club!!
Ouch! That really hurt!
You die...

#.# #.#
##.####.###
#..........
#..####..##
#########..##
#)..........#
#<#######...#
#.# ##O@.#
#.# #...##
#..........#
..######...#
### ###.# #.#
..# #.# .##


You could see an ogre (very poisoned).

Levels and vault maps discovered:
D:1:      dpeg_arrival_oval, layout_loops_ring, roderic_nine_men_s_morris
D:2:      layout_rooms, ebering_ecumenical_altar_hall, minmay_hexomino_p4
D:3:      layout_basic, serial_shops, nicolae_shop_overgrown_old_shop, shop,
          nicolae_shop_competitors_out_of_business,
          nicolae_shop_competitors_out_of_business, nicolae_square_shop
D:4:      minmay_goblin_kobold_castle, layout_loops_ring, serial_shops, shop,
          portal_sewer_entry_f, lexackson_kobold_supper, uniq_ijyb

Notes
Turn   | Place    | Note
-------+----------+-------------------------------------------
     0 | D:1      | Azmakalis the Octopode Venom Mage began the quest for the
                  | Orb.
     0 | D:1      | Reached XP level 1. HP: 11/11 MP: 3/3
    11 | D:1      | Identified a +0 scale mail
    51 | D:1      | Reached skill level 4 in Poison Magic
   319 | D:1      | Reached XP level 2. HP: 11/17 MP: 0/5
   322 | D:1      | Learned a level 2 spell: Poisonous Vapours
   670 | D:1      | Identified a ring of positive energy
   700 | D:1      | Identified a +0 helmet
   816 | D:1      | Identified a +0 short sword
   957 | D:1      | Identified a +0 short sword
  1061 | D:1      | Identified a +0 club
  1304 | D:2      | Identified a +0 dagger
  1352 | D:2      | Identified a +0 dagger
  1357 | D:2      | Reached skill level 5 in Poison Magic
  1357 | D:2      | Reached XP level 3. HP: 21/21 MP: 3/6
  1410 | D:2      | Found a faded altar of an unknown god.
  1414 | D:2      | Identified a +0 dagger
  1456 | D:2      | Identified a ring of protection from cold
  1534 | D:2      | Identified a +0 club
  1575 | D:2      | Identified a +0 spear
  1627 | D:2      | Identified a +0 club
  1714 | D:2      | Identified a +0 dagger
  1720 | D:2      | Identified a +0 club
  1727 | D:2      | Identified the +1 cloak "Gaytoap" {Int+4 Dex+7}
  1870 | D:3      | Found Iquodo's Jewellery Boutique.
  1881 | D:3      | Identified a +2 spear of flaming
  1885 | D:3      | Found Rushris's Antique Armour Boutique.
  1885 | D:3      | Identified 3 scrolls of blinking
  2007 | D:3      | Found Migedgh's Antique Armour Shop.
  2016 | D:3      | Found Qigiom's Assorted Antiques.
  2115 | D:3      | Found Ijud's Assorted Antiques.
  2123 | D:3      | Bought a long copper wand for 72 gold pieces
  2269 | D:3      | Reached XP level 4. HP: 27/27 MP: 7/7
  2273 | D:3      | Learned a level 3 spell: Mephitic Cloud
  2743 | D:3      | Identified a +0 ring mail
  2755 | D:3      | Identified a +0 leather armour
  2897 | D:3      | Identified a +0 club
  2956 | D:4      | Identified a +0 whip
  2979 | D:4      | Identified a +0 giant club
  2979 | D:4      | Noticed an ogre
  3006 | D:4      | Slain by an ogre

Table legend: (Time is in decaauts)
 A = Elapsed time spent in this place.
 B = Non-inter-level travel time spent in this place.
 C = Inter-level travel time spent in this place.
 D = Time resting spent in this place.
 E = Time spent auto-exploring this place.
 F = Levels seen in this place.
 G = Mean time per level.
                   A        B        C        D        E       F      G
               +--------+--------+--------+--------+--------+-----+--------+
         Total |   3008 |   2910 |     98 |    304 |   2282 |   4 |  752.0 |
       Dungeon |   3008 |   2910 |     98 |    304 |   2282 |   4 |  752.0 |
               +--------+--------+--------+--------+--------+-----+--------+

Top non-repeatable levels by time:
     D:1: 1303 daAuts
     D:3: 1106 daAuts
     D:2: 547 daAuts
     D:4: 50 daAuts

Table legend:
 A = Kills in this place as a percentage of kills in entire the game.
 B = Kills by you in this place as a percentage of kills by you in the entire game.
 C = Kills by friends in this place as a percentage of kills by friends in the entire game.
 D = Other kills in this place as a percentage of other kills in the entire game.
 E = Experience gained in this place as a percentage of experience gained in the entire game.
 F = Experience gained in this place divided by the number of levels of this place that you have seen.
                   A       B       C       D       E      F
               +-------+-------+-------+-------+-------+----------------------
         Total | 100.0 | 100.0 |   N/A |   N/A | 100.0 |  22.2
       Dungeon | 100.0 | 100.0 |   N/A |   N/A | 100.0 |  22.2
               +-------+-------+-------+-------+-------+----------------------

Skill      XL: |  1  2 |
---------------+-------+-----
Poison Magic   | 4 5 |  5.8
Dodging        | |  2.0
Stealth        | |  2.6
Spellcasting   | |  2.0
Transmutations | |  1.0

Action                   |  1- 3 |  4- 6 || total
-------------------------+-------+-------++-------
Melee: Unarmed           |    18 |       ||    18
       Constrict         |    11 |     2 ||    13
       Tentacles         |    11 |     1 ||    12
       Short sword       |    21 |       ||    21
       Punch             |     2 |       ||     2
       Spear             |    23 |    12 ||    35
 Cast: Sting             |    11 |       ||    11
       Poisonous Vapours |     8 |     3 ||    11
  Use: Scroll            |     1 |       ||     1
 Stab: Sleeping          |    10 |     2 ||    12
Armor: Skin              |     8 |       ||     8
Dodge: Dodged            |    28 |     8 ||    36

Vanquished Creatures
  An adder (D:3)
  A worm (D:3)
  2 dart slugs
  2 endoplasms (D:2)
  A giant cockroach (D:3)
  6 goblins
  5 hobgoblins
  2 jackals (D:1)
  4 kobolds
  3 quokkas
  4 ball pythons
  5 bats
  A frilled lizard (D:2)
  4 rats
41 creatures vanquished.
